 Dungeon Crawl Stone Soup version 0.25-a0-425-g0e000e855e (webtiles) character file.

Game seed: 5612499958444782925, levelgen mode: deterministic

718 Kohma the Changer (level 7, 0/52 HPs)
             Began as a Yellow Draconian Transmuter on Jan 24, 2020.
             Slain by a troll (3 damage)
             ... while paralysed by Grinder
             ... on level 4 of the Dungeon.
             The game lasted 00:11:58 (4975 turns).

Kohma the Changer (Yellow Draconian Transmuter)     Turns: 4975, Time: 00:11:58

Health: 0/52       AC:  6    Str: 12    XL:     7   Next: 42%
Magic:  10/10      EV:  2    Int: 15    God:
Gold:   235        SH:  0    Dex: 12    Spells: 4/10 levels left

rFire    . . .     SeeInvis .     - Unarmed
rCold    . . .     Gourm    .   (no shield)
rNeg     . . .     Faith    .   (armour unavailable)
rPois    .         Spirit   .   (helmet restricted)
rElec    .         Reflect  .   (no cloak)
rCorr    +         Harm     .   (no gloves)
MR       .....                  (no boots)
Stlth    +.........             (no amulet)
HPRegen  0.17/turn              (no ring)
MPRegen  0.12/turn              (no ring)

@: paralysed
A: spit acid, unfitting armour, cold-blooded, acid resistance, AC +6
a: Breathe Acid


You were on level 4 of the Dungeon.
You were not hungry.

You visited 1 branch of the dungeon, and saw 4 of its levels.

You collected 235 gold pieces.

Inventory:

Missiles
 a - 43 arrows
 d - 21 poisoned darts
 m - a throwing net (quivered)
Jewellery
 v - an uncursed ring of stealth {unknown}
 y - an uncursed ring of ice {unknown}
Wands
 r - a wand of flame (19)
Scrolls
 b - 2 scrolls of magic mapping {unknown}
 e - a scroll of random uselessness {unknown}
 g - a scroll of immolation {unknown}
 h - a scroll of amnesia {unknown}
 i - 8 scrolls of identify {unknown}
 j - 4 scrolls of enchant weapon {unknown}
 k - a scroll of remove curse {unknown}
 l - a scroll of blinking {unknown}
 p - 5 scrolls of teleportation {unknown}
 q - a scroll of fear {unknown}
 u - 3 scrolls of enchant armour {unknown}
 x - a scroll of noise {unknown}
Potions
 f - 2 potions of haste
 n - 2 potions of flight {unknown}
 o - 2 potions of lignification {unknown}
 s - a potion of ambrosia {unknown}
 t - a potion of might {unknown}
 w - 2 potions of curing {unknown}
 z - a potion of brilliance {unknown}
Comestibles
 c - 4 rations


   Skills:
 - Level 1.1 Fighting
 - Level 1.7 Dodging
 - Level 5.1 Unarmed Combat
 - Level 2.0 Spellcasting
 * Level 6.7 Transmutations
 - Level 2.6 Poison Magic


You had 4 spell levels left.
You knew the following spells:

 Your Spells              Type           Power        Failure   Level  Hunger
a - Beastly Appendage     Tmut           ###...       1%          1    #......
b - Sticks to Snakes      Tmut           ###.....     2%          2    ###....
c - Spider Form           Tmut/Pois      ###.......   10%         3    ###....

Your spell library contained the following spells:

 Spells                   Type           Power        Failure   Level  Hunger
 Ice Form                 Ice/Tmut       ##......     50%         4    #####..
 Petrify                  Tmut/Erth      ##......     50%         4    #####..
 Confusing Touch          Hex            #.......     54%         3    ###....
 Gell's Gravitas          Tloc           #.........   54%         3    ###....
 Blade Hands              Tmut           ###.......   36%         5    ######.
 Yara's Violent Unravell  Hex/Tmut       ##........   83%         5    ######.
 Metabolic Englaciation   Hex/Ice        #.........   99%         5    ######.


Dungeon Overview and Level Annotations

Branches:
Dungeon (4/15)
 Temple: D:4-7

Altars:
Okawaru

Annotations:
D:4 Grinder


Innate Abilities, Weirdness & Mutations

You can spit globs of acid.
Your golden yellow scales are hard. (AC +6)
You cannot fit into any form of body armour.
You are cold-blooded and may be slowed by cold attacks.
You are resistant to acid. (rCorr)


Message History

All of the chunks of flesh in your inventory have rotted away.
HP restored.
You climb downwards.
Level annotation: Grinder The troll closely misses you.
The troll claws you but does no damage. The troll barely misses you.
The troll bites you! The troll claws you. The troll claws you!
There is a stone staircase leading up, spattered with blood here.
The troll bites you. The troll closely misses you. The troll claws you.
Grinder gestures at you.
You suddenly lose the ability to move!
The troll bites you but does no damage. The troll claws you!
* * * LOW HITPOINT WARNING * * *
The troll claws you but does no damage. The troll bites you but does no damage.
The troll claws you.
* * * LOW HITPOINT WARNING * * *
The troll claws you.
* * * LOW HITPOINT WARNING * * *
The troll bites you.
You die...

.....)...'.....#...........#
.##...>.##.....#...........#
##########.....#...........#
..#............#...........#
..#............'.........[.#
.##.....##.....#...........#
.#########..##'#...........# ##
..#.....##'##...T#######+#####+#.
..#...(..'..'...@#....#........#.
.#####+###..#...5'....+........#.
.##.....##..#....#...##..###'###.
###.......ยง.#....##'###..#......#
.##.....##..#....#.......#......#
.##.....##..#....#.......+......#
.##.....##..#....#.......#......#
.##...T..#..'....#########......#
.##......#..#................#'##


You could see Grinder and a troll.

Vanquished Creatures
  Eustachio (D:3)
  Menkaure (D:4)
  A water moccasin skeleton (D:3)
  A howler monkey (D:2)
  An iguana (D:4)
  Natasha (thrice) (D:3)
  A worker ant (D:4)
  Robin (D:3)
  3 gnolls (D:4)
  7 adders
  2 oozes
  2 adder zombies (D:2)
  An adder skeleton (D:4)
  5 dart slugs
  A leopard gecko (D:2)
  6 orcs (D:3)
  2 ball pythons
  2 bat skeletons (D:2)
  4 giant cockroaches
  16 goblins
  13 hobgoblins
  7 jackals
  10 kobolds
  2 quokkas
  13 bats
  6 frilled lizards
  3 rats
115 creatures vanquished.

Vanquished Creatures (collateral kills)
  A jackal (D:1)
1 creature vanquished.

Grand Total: 116 creatures vanquished

Notes
Turn   | Place    | Note
-------+----------+-------------------------------------------
     0 | D:1      | Kohma the Draconian Transmuter began the quest for the Orb.
     0 | D:1      | Reached XP level 1. HP: 16/16 MP: 3/3
   345 | D:1      | Reached XP level 2. HP: 19/23 MP: 3/5
   349 | D:1      | Learned a level 2 spell: Sticks to Snakes
   667 | D:1      | Found an iron altar of Okawaru.
   682 | D:1      | Reached skill level 3 in Transmutations
   743 | D:1      | Reached XP level 3. HP: 22/28 MP: 4/6
  1454 | D:2      | Reached XP level 4. HP: 28/35 MP: 5/7
  1573 | D:2      | Reached skill level 4 in Transmutations
  1945 | D:2      | Reached XP level 5. HP: 40/40 MP: 6/8
  2368 | D:3      | Found a faded altar of an unknown god.
  2401 | D:3      | Noticed Natasha
  2441 | D:3      | Killed Natasha
  2463 | D:3      | Learned a level 3 spell: Spider Form
  2627 | D:3      | Reached skill level 5 in Transmutations
  2627 | D:3      | Reached skill level 1 in Poison Magic
  2729 | D:3      | Noticed Natasha
  2739 | D:3      | Killed Natasha
  2739 | D:3      | Reached XP level 6. HP: 22/47 MP: 6/9
  3168 | D:3      | Noticed Natasha
  3175 | D:3      | Killed Natasha
  3638 | D:4      | Noticed Eustachio
  3644 | D:4      | Noticed Robin
  3659 | D:3      | Killed Eustachio
  3720 | D:3      | Killed Robin
  3983 | D:4      | Noticed Menkaure
  3995 | D:4      | Killed Menkaure
  3995 | D:4      | Reached skill level 5 in Unarmed Combat
  3995 | D:4      | Reached skill level 6 in Transmutations
  3995 | D:4      | Your scales start taking on a golden yellow colour.
  3995 | D:4      | Reached XP level 7. HP: 37/52 MP: 4/10
  3995 | D:4      | Gained mutation: You are resistant to acid. (rCorr) [Yellow
                  | Draconian growth]
  4672 | D:4      | Noticed a troll
  4673 | D:4      | Noticed Grinder
  4972 | D:4      | Paralysed by Grinder for 4 turns
  4975 | D:4      | Slain by a troll

Levels and vault maps discovered:
D:1:      dpeg_arrival_fog, layout_loops_ring, st_stairs_11,
          okawaru_ov_weapons_minmay
D:2:      layout_loops_corners, serial_undead, serial_undead_c, serial_undead_b,
          serial_undead_e, serial_undead_a, due_unseen_surprise
D:3:      layout_basic, chequers_ecumenical_altar_simple_redux,
          lemuel_old_faithful, uniq_natasha
D:4:      layout_gridville, first_ration, uniq_menkaure, uniq_grinder,
          uniq_eustachio, uniq_robin

Skill      XL: |  1  2  3  4  5  6 |
---------------+-------------------+-----
Transmutations | 3 4 5 6 |  6.7
Unarmed Combat | 4 5 |  5.1
Poison Magic   | 1 2 |  2.6
Fighting       | |  1.1
Dodging        | |  1.7
Spellcasting   | |  2.0

Action                   |  1- 3 |  4- 6 |  7- 9 || total
-------------------------+-------+-------+-------++-------
Melee: Unarmed           |   114 |   211 |    37 ||   362
       Headbutt          |     7 |     6 |       ||    13
       Kick              |     9 |    17 |       ||    26
       Tailslap          |    11 |    12 |     1 ||    24
       Punch             |     1 |     1 |       ||     2
 Cast: Beastly Appendage |    27 |    20 |       ||    47
       Sticks to Snakes  |     2 |     2 |       ||     4
       Spider Form       |       |    14 |     5 ||    19
 Abil: Breathe Acid      |       |       |     1 ||     1
  Use: Potion            |       |       |     1 ||     1
  Eat: Chunk             |     3 |    10 |     1 ||    14
       Ration            |       |       |     1 ||     1
Armor: Skin              |    71 |    49 |     5 ||   125
Dodge: Dodged            |   128 |   154 |    40 ||   322

Table legend:
 A = Non-vault XP
 B = Vault XP
 C = Vault XP percentage of total XP
 D = Non-vault monster count
 E = Vault monster count
 F = Vault count percentage of total count
                 A         B        C        D         E       F
            +---------+---------+-------+---------+---------+-------
      Total |     566 |     460 |  44.8 |      93 |      23 |  19.8
            +---------+---------+-------+---------+---------+-------
        D:1 |      55 |       5 |   8.3 |      28 |       3 |   9.7
        D:2 |     132 |      16 |  10.8 |      27 |       4 |  12.9
        D:3 |     229 |     241 |  51.3 |      28 |       3 |   9.7
        D:4 |     150 |     198 |  56.9 |      10 |      13 |  56.5
            +---------+---------+-------+---------+---------+-------
